 Dungeon Crawl Stone Soup version 0.28-a0-655-g4eb62b627b (webtiles) character file.

Game seed: 15162765533425195224

583 avis the Insei (level 7, -9/48 HPs)
             Began as an Octopode Transmuter on Oct 12, 2021.
             Killed from afar by Pikel (18 damage)
             ... with an iceblast
             ... on level 6 of the Dungeon on Oct 13, 2021.
             The game lasted 00:24:33 (5192 turns).

avis the Insei (Octopode Transmuter)                Turns: 5192, Time: 00:24:33

Health: -9/48      AC:  1    Str: 11    XL:     7   Next: 37%
Magic:  10/10      EV: 13    Int: 15    God:
Gold:   207        SH:  0    Dex: 13    Spells: 6/10 levels left

rFire   . . .      SeeInvis .   a - +2 dagger (venom)
rCold   . . .      Faith    .   (no shield)
rNeg    . . .      Spirit   .   (helmet currently unavailable)
rPois   .          Reflect  .   (no amulet)
rElec   .          Harm     .   (no ring)
rCorr   .          Rampage  .   (no ring)
Will    .....                   (no ring)
Stlth   +++.......              (no ring)
HPRegen 0.16/turn               (no ring)
MPRegen 0.12/turn               (no ring)
                                (no ring)
                                (no ring)

@: appendages
A: tentacle spike 3, almost no armour, amphibious, 8 rings, camouflage 1,
gelatinous body 1, (nimble swimmer 1), tentacles
a: End Transformation


You were on level 6 of the Dungeon.
One of your tentacles had grown a beastly spike.
You visited 1 branch of the dungeon, and saw 5 of its levels.

You collected 207 gold pieces.

Inventory:

Hand Weapons
 a - a +2 dagger of venom (weapon)
 b - a +0 hunting sling
 n - a +0 short sword of venom
 t - a +2 hand axe of electrocution
 w - a +1 dagger of speed
Missiles
 f - 27 bolts
 j - 28 arrows
 l - 102 stones
 p - 25 sling bullets
Wands
 q - a wand of digging (6)
Scrolls
 c - a scroll of amnesia {unknown}
 d - a scroll of torment {unknown}
 e - 3 scrolls of teleportation {unknown}
 g - a scroll of enchant armour {unknown}
 k - a scroll of fog {unknown}
 o - a scroll of noise {unknown}
 r - a scroll of identify {unknown}
Potions
 h - 2 potions of curing
 i - a potion of degeneration {unknown}
 m - a potion of ambrosia {unknown}
 s - a potion of resistance


   Skills:
 - Level 4.0 Fighting
 - Level 2.0 Dodging
 - Level 2.0 Stealth
 * Level 6.0 Unarmed Combat
 - Level 2.0 Spellcasting
 - Level 4.0 Transmutations


You had 6 spell levels left.
You knew the following spells:

 Your Spells              Type           Power      Damage    Failure   Level
a - Beastly Appendage     Tmut           26%        N/A       4%          1
p - Spider Form           Tmut/Pois      3%         N/A       28%         3

Your spell library contained the following spells:

 Spells                   Type           Power      Damage    Failure   Level
 Wereblood                Tmut           13%        N/A       6%          2
 Sting                    Tmut/Pois      28%        1d4       10%         1
 Poisonous Vapours        Pois/Air       2%         N/A       32%         2
 Stone Arrow              Conj/Erth      2%         3d7       54%         3
 Ice Form                 Ice/Tmut       7%         N/A       67%         4
 Olgreb's Toxic Radiance  Pois           1%         N/A       91%         4
 Lehudib's Crystal Spear  Conj/Erth      0%         10d2      100%        8
 Animate Armour           Summ/Erth      Unusable   N/A       N/A         4

Dungeon Overview and Level Annotations

Branches:
Dungeon (6/15)
 Temple: D:4-7

Altars:
Fedhas
Makhleb

Shops:
D:1 (

Annotations:
D:5 Sigmund
D:6 Pikel


Innate Abilities, Weirdness & Mutations

One of your tentacles has grown a beastly spike.
You cannot wear most types of armour.
You are amphibious.
You can wear up to eight rings at the same time.
Your skin changes colour to match your surroundings (Stealth+).
Your rubbery body absorbs attacks. (AC +1, EV +1)
((You are camouflaged near water. (Stealth+)))
You have tentacles for arms and can constrict up to eight enemies at once.


Message History

You constrict the lemure, but do no damage.
You hit the lemure but do no damage. You squeeze the lemure.
The lemure is heavily wounded.
You constrict the lemure. The lemure hits you.
You hit the lemure but do no damage.
You pierce the lemure.
You tentacle-slap the lemure, but do no damage.
The lemure is heavily wounded.
You constrict the lemure. The lemure hits you!
You hit the lemure.
The lemure is severely wounded.
You constrict the lemure. You hit the lemure. Your squeeze misses the lemure.
The lemure is almost dead.
Your transformation is almost over.
You constrict the lemure. The lemure hits you.
You hit the lemure but do no damage.
You pierce the lemure.
You kill the lemure!
That felt strangely unrewarding.
You see here a +0 falchion.
You start resting.
Your tentacle spike disappears.
You start resting.
The iguana hisses angrily.
HP restored.
Casting: Beastly Appendage (safe; 4% risk of failure)
Confirm with . or Enter, or press ? or * to list all spells.
One of your tentacles grows a vicious spike.
The iguana bites you!
You hit the iguana but do no damage. Your grab misses the iguana.
The iguana bites you!
Pikel the Slaver comes into view.
He is wielding a +2 whip of freezing and carrying a wand of iceblast (11).
You see here a +0 falchion.
Your +2 dagger of venom begins to drip with poison!
a - a +2 dagger of venom (weapon)
Pikel shouts!
The lemure shouts! x2
Pikel zaps a wand.
The mass of ice explodes!
The iceblast engulfs you!
* * * LOW HITPOINT WARNING * * *
You hear a shout!
Pikel zaps a wand.
The mass of ice explodes!
The iceblast engulfs you!!
You die...

#.......# #... #.##.#.##
... #.##.#.# #
....###.##.#.#
#.#.#........#.#
#.#.#####.####.#######
#....55...####...[...#
##.≈≈≈..###..5..###.#
##..≈@≈K.###.....# .#
##...≈≈≈..##......# .#
#.....l..###......# .#
#........<###......###.#
.'.......##'............#
##......######....##.####
##.....# #)#..# .#
##$...# #.##.##.# ##...
#.......#


You could see Pikel, 2 lemures and an iguana.

Vanquished Creatures
  Eustachio (D:5)
  An ogre (D:5)
  A lemure (D:6)
  4 orc priests
  2 hounds
  Natasha (D:1)
  An orc wizard (D:6)
  A hound skeleton (D:5)
  Robin (D:3)
  2 adders
  A worm (D:3)
  A dart slug (D:2)
  12 orcs
  4 ball pythons
  2 endoplasms (D:1)
  4 giant cockroaches
  13 goblins
  7 hobgoblins
  3 jackals (D:1)
  4 quokkas
  9 bats
  3 frilled lizards
  3 kobolds
  7 rats
88 creatures vanquished.

Vanquished Creatures (others)
  A fungus (D:3)
1 creature vanquished.

Grand Total: 89 creatures vanquished

Notes
Turn   | Place    | Note
-------+----------+-------------------------------------------
     0 | D:1      | avis the Octopode Transmuter began the quest for the Orb.
     0 | D:1      | Reached XP level 1. HP: 13/13 MP: 3/3
    68 | D:1      | Reached skill level 1 in Stealth
   321 | D:1      | Reached XP level 2. HP: 10/18 MP: 3/5
   534 | D:1      | Found a faded altar of an unknown god.
   652 | D:1      | Found Ofeafro's Antique Weapon Shoppe.
  1296 | D:2      | Found a blossoming altar of Fedhas.
  1344 | D:1      | Reached XP level 3. HP: 23/23 MP: 4/6
  1359 | D:1      | Learned a level 3 spell: Spider Form
  1474 | D:1      | Reached skill level 4 in Unarmed Combat
  2101 | D:2      | Noticed Natasha
  2113 | D:1      | Killed Natasha
  2114 | D:1      | Reached XP level 4. HP: 9/29 MP: 0/7
  3420 | D:2      | Reached XP level 5. HP: 26/34 MP: 5/8
  3424 | D:2      | Reached skill level 5 in Unarmed Combat
  3929 | D:3      | Found a burning altar of Makhleb.
  3988 | D:3      | Reached XP level 6. HP: 36/42 MP: 3/9
  4239 | D:3      | Noticed Robin
  4270 | D:3      | Killed Robin
  4574 | D:3      | You fall into a shaft and drop 3 floors!
  4749 | D:5      | Entered Level 5 of the Dungeon
  4749 | D:5      | Noticed Eustachio
  4763 | D:5      | Killed Eustachio
  4764 | D:5      | Reached skill level 6 in Unarmed Combat
  4784 | D:5      | Reached XP level 7. HP: 40/47 MP: 5/10
  4873 | D:5      | Noticed Sigmund
  5177 | D:6      | Noticed Pikel
  5192 | D:6      | Killed from afar by Pikel

Illustrated notes

Levels and vault maps discovered:
D:1:      ncdulo_smallfort, layout_basic, serial_shops, shop,
          ebering_ecumenical_altar_rust
D:2:      layout_rooms, basic_altar, uniq_natasha
D:3:      layout_basic, cheibrodos_worm_habitat, mainiacjoe_overflow_boulevard,
          uniq_robin
D:5:      layout_rooms, uniq_eustachio, uniq_edmund, uniq_sigmund,
          uniq_blork_the_orc
D:6:      layout_loops_corners, gammafunk_temple_overflow_elements,
          serial_shops, nicolae_shop_statue_plus, ebering_ghost_gozag,
          corexii_item_surrounded_by_moat, uniq_maggie, uniq_pikel

Skill      XL: |  1  2  3  4  5  6  7 |
---------------+----------------------+-----
Stealth        | 2 |  2.0
Unarmed Combat | 4 5 6 |  6.0
Fighting       | 2 3 4 |  4.0
Transmutations | 3 4 |  4.0
Dodging        | |  2.0
Spellcasting   | |  2.0

Action                   |  1- 3 |  4- 6 |  7- 9 || total
-------------------------+-------+-------+-------++-------
Melee: Unarmed           |    76 |    61 |    11 ||   148
       Kick              |    10 |    12 |     6 ||    28
       Constrict         |    16 |    15 |     2 ||    33
       Tentacles         |     7 |     7 |     4 ||    18
       Punch             |     1 |     2 |     3 ||     6
       Dagger            |       |    44 |    17 ||    61
 Fire: Hunting sling     |       |    14 |       ||    14
 Cast: Beastly Appendage |    15 |    12 |     4 ||    31
       Spider Form       |     5 |    13 |     2 ||    20
 Stab: Sleeping          |     5 |       |       ||     5
Armor: Skin              |     7 |     9 |     1 ||    17
Dodge: Dodged            |    57 |    79 |    16 ||   152

Table legend: (Time is in decaauts)
 A = Elapsed time spent in this place.
 B = Non-inter-level travel time spent in this place.
 C = Inter-level travel time spent in this place.
 D = Time resting spent in this place.
 E = Time spent auto-exploring this place.
 F = Levels seen in this place.
 G = Mean time per level.
                   A        B        C        D        E       F      G
               +--------+--------+--------+--------+--------+-----+--------+
         Total |   5188 |   4732 |    456 |   2535 |    865 |   5 | 1037.6 |
       Dungeon |   5188 |   4732 |    456 |   2535 |    865 |   5 | 1037.6 |
               +--------+--------+--------+--------+--------+-----+--------+

Top non-repeatable levels by time:
     D:1: 3353 daAuts
     D:3: 630 daAuts
     D:2: 593 daAuts
     D:6: 482 daAuts
     D:5: 129 daAuts
